AoeStats
← Křovák

MegaRandom

503414380Analyzed
1v1 RM · 1mo ago on Aug 31, 2026· 39m 22s· 2 players
Game mode
Random Map
Map size
Tiny (2 player)
Population
200
Speed
Normal
Resources
Standard
Victory
Conquest
Starting age
Dark Age
Ending age
Imperial Age
RankedLock teamsTeams togetherTeam positionsShared explorationLock speedFull tech treeHidden civsTurbo modeCheats
Victory
Defeat
🇦🇷 Georgians · Argentina
897
+16
🇨🇿 Franks · Czechia
902
-16
ElReyGarufa8680
4:11 Loom
10:55 Feudal Age
11:29 Double-Bit Axe
11:31 Horse Collar
19:37 Wheelbarrow
22:58 Castle Age
21:43 Bloodlines
22:55 Scale Mail Armor
23:07 Forging
25:24 Chain Mail Armor
25:45 Iron Casting
24:33 Pikeman
25:14 Squires
26:40 Heavy Plow
28:16 Scale Barding Armor
29:17 Husbandry
31:48 Bow Saw
34:36 Chain Barding Armor
Křovák
10:17 Loom
12:04 Feudal Age
16:45 Castle Age
25:46 Double-Bit Axe
29:28 Town Watch
31:05 Murder Holes
37:31 Fletching
40:38 Imperial Age
41:59 Imperial Age
Connection lost

Rejoining the realm…

Still unreachable

The connection could not be restored.

Session expired

The server has moved on; the page needs a fresh start.